 Dungeon Crawl Stone Soup version 0.29.1-2-gbd0b4ee654 (webtiles) character file.

Game seed: 1357083717346582002

308 Ihaveafatcat the Chopper (level 6, -1/53 HPs)
             Began as a Hill Orc Fighter on Nov 29, 2022.
             Slain by wingedge's ghost (3 damage)
             ... on level 3 of the Dungeon.
             The game lasted 00:03:22 (3820 turns).

Ihaveafatcat the Chopper (Hill Orc Fighter)         Turns: 3820, Time: 00:03:23

Health: -1/53      AC:  7    Str: 21    XL:     6   Next: 40%
Magic:  6/6        EV:  9    Int:  8    God:
Gold:   144        SH:  4    Dex: 10    Spells: 5/5 levels left

rFire   . . .      SeeInvis .   a - +0 war axe
rCold   . . .      Faith    .   c - +0 buckler
rNeg    . . .      Spirit   .   b - +0 scale mail
rPois   .          Reflect  .   (no helmet)
rElec   .          Harm     .   (no cloak)
rCorr   .          Rampage  .   (no gloves)
Will    .....                   (no boots)
Stlth   ..........              (no amulet)
HPRegen 0.17/turn               (no ring)
MPRegen 0.10/turn               (no ring)

@: no status effects
A: no striking features
a: no special abilities


You were on level 3 of the Dungeon.
You visited 1 branch of the dungeon, and saw 3 of its levels.

You collected 144 gold pieces.

Inventory:

Hand Weapons
 a - a +0 war axe (weapon)
Armour
 b - a +0 scale mail (worn)
 c - a +0 buckler (worn)
Scrolls
 e - a scroll of amnesia {unknown}
 f - a scroll of teleportation {unknown}
 g - 2 scrolls of magic mapping {unknown}
 i - a scroll of blinking {unknown}
 j - 4 scrolls of enchant armour {unknown}
 k - a scroll of vulnerability {unknown}
 q - 2 scrolls of noise {unknown}
 s - a scroll of identify {unknown}
 t - 2 scrolls of poison {unknown}
Potions
 d - 2 potions of might
 h - a potion of cancellation {unknown}
 l - 3 potions of curing {unknown}
 m - a potion of ambrosia {unknown}
 n - a potion of mutation {unknown}
 o - a potion of attraction {unknown}
 p - 3 potions of flight {unknown}
 r - a potion of heal wounds {unknown}
 u - a potion of haste {unknown}


   Skills:
 + Level 4.6 Fighting
 + Level 6.9 Axes
 + Level 4.3 Armour
 + Level 0.3 Dodging
 + Level 3.6 Shields


You had 5 spell levels left.
You didn't know any spells.
Your spell library contained the following spells:

 Spells                   Type           Power      Damage    Failure   Level
 Dazzling Flash           Conj/Hex       0%         N/A       99%         3
 Agony                    Necr           0%         N/A       100%        5
 Silence                  Hex/Air        0%         N/A       100%        5


Dungeon Overview and Level Annotations

Branches:
Dungeon (3/15)

Altars:
Elyvilon

Annotations:
D:3 wingedge's ghost, amateur DgFi


Message History

Wingedge's ghost takes a fighting stance.
Wingedge's ghost hits you but does no damage.
You barely miss wingedge's ghost.
Wingedge's ghost is moderately damaged.
Wingedge's ghost hits you but does no damage.
You hit wingedge's ghost but do no damage.
Wingedge's ghost is moderately damaged.
Wingedge's ghost hits you!
You completely miss wingedge's ghost.
Wingedge's ghost is moderately damaged.
Wingedge's ghost hits you!
You barely miss wingedge's ghost.
Wingedge's ghost is moderately damaged.
Wingedge's ghost closely misses you.
You barely miss wingedge's ghost.
Wingedge's ghost is moderately damaged.
Wingedge's ghost hits you but does no damage.
You slash wingedge's ghost!
Wingedge's ghost is severely damaged.
Wingedge's ghost hits you!
Wingedge's ghost hits you but does no damage.
You closely miss wingedge's ghost.
Wingedge's ghost is severely damaged.
Wingedge's ghost hits you!
* * * LOW HITPOINT WARNING * * *
x2 You hit wingedge's ghost but do no damage.
Wingedge's ghost is severely damaged.
You block wingedge's ghost's attack.
You hit wingedge's ghost but do no damage.
Wingedge's ghost is severely damaged.
You block wingedge's ghost's attack.
You hit wingedge's ghost but do no damage.
Wingedge's ghost is heavily damaged.
Wingedge's ghost hits you.
* * * LOW HITPOINT WARNING * * *
x2 You hit wingedge's ghost but do no damage.
Wingedge's ghost is heavily damaged.
You block wingedge's ghost's attack. Wingedge's ghost hits you!
* * * LOW HITPOINT WARNING * * *
You die...

#.# ###### #.##...<.........
#.############..>.............
#..............###...########.
#########......# #...# #.
######.# #...# #. #########.#
#...# #. #........######## #.
#........#.....# ##.
#.......@W~~~~$# #..
#........#.....# #.#
#........####### ##.#
#..........# #..# #..........#
##.## #########.## ###..#.
#..# ####...##.
##.#####....###..
#.......####(..#


You could see wingedge's ghost.

Vanquished Creatures
  A centaur (D:3)
  An iguana (D:3)
  4 gnolls (D:2)
  6 adders
  3 worms
  4 dart slugs
  6 orcs (D:3)
  9 endoplasms
  4 goblins
  7 hobgoblins
  7 jackals
  3 quokkas
  9 ball pythons
  9 bats
  7 frilled lizards
  8 kobolds
  6 rats
94 creatures vanquished.

Notes
Turn   | Place    | Note
-------+----------+-------------------------------------------
     0 | D:1      | Ihaveafatcat the Hill Orc Fighter began the quest for the
                  | Orb.
     0 | D:1      | Reached XP level 1. HP: 19/19 MP: 1/1
   154 | D:1      | Reached XP level 2. HP: 18/27 MP: 2/2
   282 | D:1      | Reached skill level 3 in Axes
   524 | D:1      | Reached XP level 3. HP: 32/33 MP: 3/3
  1183 | D:2      | Reached skill level 4 in Axes
  1369 | D:2      | Reached XP level 4. HP: 40/40 MP: 4/4
  1676 | D:2      | Reached skill level 5 in Axes
  1683 | D:2      | Reached XP level 5. HP: 26/46 MP: 5/5
  2417 | D:3      | Found a white marble altar of Elyvilon.
  2443 | D:3      | Reached skill level 6 in Axes
  2704 | D:3      | Noticed a centaur
  2713 | D:3      | Killed a centaur
  2714 | D:3      | Reached XP level 6. HP: 26/53 MP: 6/6
  3103 | D:3      | Found a faded altar of an unknown god.
  3470 | D:3      | Found a runed translucent door.
  3473 | D:3      | Noticed wingedge's ghost (amateur DgFi)
  3820 | D:3      | HP: 2/53 [wingedge's ghost (8)]
  3820 | D:3      | Slain by wingedge's ghost

Illustrated notes

Levels and vault maps discovered:
D:1:      dpeg_arrival_orchard, layout_loops_ring, minmay_three_crescents
D:2:      layout_basic
D:3:      minmay_general_purpose_star, layout_basic,
          mainiacjoe_overflow_catwalk, ebering_ecumenical_altar_hall,
          ebering_ghost_reflecting_pool, st_stairs_4

Skill      XL: |  1  2  3  4  5 |
---------------+----------------+-----
Fighting       | 4 |  4.6
Axes           | 3 4 5 6 |  6.9
Armour         | 4 |  4.3
Dodging        | |  0.3
Shields        | |  3.6

Action                   |  1- 3 |  4- 6 || total
-------------------------+-------+-------++-------
Melee: War axe           |   110 |   159 ||   269
Armor: Scale mail        |    61 |    69 ||   130
Dodge: Dodged            |    59 |    76 ||   135
Block: Buckler           |    19 |    36 ||    55
